Map: Cyber Forest LE

Players

Slytherin - Winner!

  • Race: Terran Terran
  • League: Diamond
  • Spawn Location: 11:00

Woah

  • Race: Terran Terran
  • League: Diamond
  • Spawn Location: 5:00

VOD

Have the link to the VOD?

Description

Time

  • Played on: June 14, 2019, 11:27 p.m.
  • Length: 13:01
Show
View Real Time Build Order
Export as new Build Order

Slytherin Terran - Winner!

Build Orders:  

Get SALT Encoding   

  12  0:00  SCV  
  13  0:13  SCV  
  14  0:18  Supply Depot  
  14  0:25  SCV  
  15  0:39  SCV  
  15  0:41  Barracks  
  16  0:45  Refinery  
  16  0:53  SCV  
  17  1:07  SCV  
  17  1:09  Barracks  
  18  1:16  Refinery  
  18  1:19  SCV  
  19  1:31  SCV  
  20  1:49  Factory  
  20  1:52  SCV  
  21  2:01  Reaper  
  21  2:05  Orbital Command  
  21  2:07  Supply Depot  
  21  2:13  Reaper  
  22  2:32  Hellion  
  25  2:44  Reaper  
  25  2:51  Reaper  
  26  2:54  Hellion  
  28  3:00  Command Center  
  28  3:21  Hellion  
  29  3:34  SCV  
  30  3:46  SCV  
  31  3:59  SCV  
  31  4:00  Reaper x2, Hellion  
  35  4:12  SCV  
  34  4:21  Hellion  
  34  4:24  SCV  
  37  4:26  Starport  
  37  4:31  Orbital Command  
  37  4:32  Reaper x2  
  37  4:36  SCV  
  38  4:48  SCV  
  33  5:03  Marine  
  33  5:04  Reaper  
  33  5:05  SCV x2  
  37  5:09  Refinery x2  
  37  5:13  Fusion Core  
  37  5:21  Marine  
  37  5:23  Factory Tech Lab  
  37  5:24  Starport Reactor  
  37  5:27  Starport Tech Lab  
  38  5:34  SCV x2  
  40  5:35  Starport  
  40  5:36  Reaper  
  41  5:46  SCV x2  
  43  5:53  Supply Depot  
  43  5:58  SCV x2  
  45  6:18  SCV x2  
  45  6:19  Marine x2  
  45  6:20  Siege Tank  
  45  6:21  Starport Tech Lab  
  45  6:22  Battlecruiser  
  45  6:24  Weapon Refit  
  56  6:27  Supply Depot  
  56  6:31  SCV x2  
  58  6:37  Marine x2  
  60  6:43  SCV  
  60  6:47  Supply Depot  
  61  6:49  Battlecruiser  
  61  6:53  SCV  
  68  7:05  SCV  
  69  7:09  Supply Depot  
  69  7:15  Command Center, Supply Depot  
  69  7:36  Battlecruiser  
  69  7:56  SCV x2  
  68  8:04  Battlecruiser  
  74  8:40  Battlecruiser  
  69  9:08  Battlecruiser  
  69  9:28  SCV x2  
  71  9:32  Factory  
  71  9:38  Command Center  
  71  9:39  Refinery  
  71  9:40  SCV x2  
  71  9:43  Refinery  
  71  9:45  Battlecruiser  
  79  9:52  SCV x2  
  81  10:04  SCV x2  
  83  10:11  Orbital Command  
  83  10:13  Battlecruiser  
  89  10:16  SCV x2  
  91  10:28  SCV x2  
  93  10:40  SCV  
  93  10:41  SCV  
  95  10:49  Battlecruiser  
  101  10:53  SCV  
  102  11:01  Armory  
  102  11:02  Orbital Command  
  102  11:05  Refinery  
  100  11:17  Battlecruiser  
  106  11:28  Refinery  
  106  11:53  Battlecruiser  
  118  12:47  SCV x2  
  118  12:48  SCV x2  
Show
View Real Time Build Order
Export as new Build Order

Woah Terran 

Build Orders: Reaper Expand 

Get SALT Encoding   

  12  0:01  SCV  
  13  0:13  SCV  
  14  0:17  Supply Depot  
  14  0:25  SCV  
  15  0:39  SCV  
  15  0:40  Barracks  
  16  0:44  Refinery  
  16  0:51  SCV  
  17  1:03  SCV  
  18  1:19  SCV  
  19  1:28  Reaper  
  20  1:34  Orbital Command  
  20  1:51  Command Center  
  20  2:05  Marine  
  21  2:08  SCV  
  21  2:12  Factory  
  21  2:13  Refinery  
  22  2:21  Supply Depot  
  22  2:24  Barracks Reactor  
  22  2:28  SCV  
  23  2:40  SCV  
  23  2:53  SCV  
  24  3:03  Marine  
  24  3:04  Marine  
  24  3:05  SCV  
  27  3:10  Factory Tech Lab  
  27  3:11  Supply Depot  
  27  3:17  SCV  
  27  3:18  Orbital Command  
  25  3:21  Marine  
  25  3:22  Reaper  
  27  3:30  Starport  
  26  3:35  Cyclone  
  29  3:52  SCV  
  29  3:53  Marine  
  27  4:04  SCV  
  27  4:07  Viking  
  26  4:20  SCV  
  27  4:26  Siege Tank  
  30  4:33  SCV  
  30  4:38  SCV  
  33  4:50  SCV  
  30  5:04  SCV  
  30  5:05  SCV  
  31  5:09  Marine x2  
  33  5:16  SCV  
  33  5:18  SCV, Engineering Bay  
  33  5:19  Siege Tank  
  38  5:28  SCV  
  38  5:29  Marine x2  
  38  5:30  SCV  
  42  5:36  Viking, Barracks  
  42  5:40  Barracks  
  42  5:42  SCV x2  
  46  5:47  Marine  
  47  5:54  SCV  
  48  6:01  SCV  
  48  6:03  Terran Infantry Weapons Level 1  
  49  6:06  SCV  
  49  6:18  SCV  
  49  6:19  SCV  
  49  6:23  Marine  
  49  6:24  Marine  
  49  6:25  Barracks Tech Lab  
  53  6:28  Barracks  
  53  6:30  Command Center  
  53  6:31  Starport Reactor  
  53  6:36  Supply Depot  
  53  6:39  Missile Turret  
  53  6:40  Missile Turret  
  53  6:41  Barracks Reactor  
  53  6:44  Marine  
  54  6:57  SCV x2, Siege Tank, Marine  
  54  6:59  Supply Depot  
  54  7:01  Supply Depot  
  60  7:10  Marauder  
  62  7:21  SCV x2  
  67  7:26  Refinery x2  
  64  7:33  SCV  
  65  7:46  Viking  
  63  8:02  Viking  
  63  8:04  SCV, Marine x5  
  63  8:05  Marine  
  67  8:16  Viking  
  63  8:21  Cyclone  
  63  8:22  Marine x3  
  63  8:26  Marine x3  
  65  8:34  SCV  
  65  8:38  Missile Turret  
  65  8:40  Marine x3  
  64  8:43  Marine  
  64  8:44  Marine x2  
  65  8:53  Cyclone  
  64  8:57  Marine x2  
  64  8:58  Marine  
  65  9:04  SCV  
  65  9:05  SCV x2  
  67  9:16  SCV  
  67  9:17  SCV  
  69  9:18  Orbital Command  
  69  9:28  Viking, SCV  
  69  9:29  SCV  
  73  9:34  Missile Turret  
  73  9:41  SCV  
  73  9:44  Stimpack, Marine  
  73  9:45  Marine  
  62  9:57  Viking x2  
  61  10:03  Cyclone  
  61  10:04  Marine x4  
  61  10:06  Barracks  
  68  10:08  Barracks  
  68  10:10  SCV x2  
  68  10:11  SCV  
  68  10:14  Terran Infantry Armor Level 1  
  71  10:15  Barracks Reactor  
  71  10:16  Marine  
  72  10:21  Marine  
  72  10:22  SCV  
  72  10:24  SCV x2  
  76  10:29  Supply Depot  
  76  10:30  Supply Depot  
  76  10:35  SCV  
  77  10:36  SCV x2  
  77  10:37  Viking  
  77  10:39  Viking  
  83  10:49  Starport  
  83  10:50  Refinery  
  83  10:51  Marine, Refinery  
  83  10:52  Marine  
  83  10:55  Barracks Reactor x2  
  85  10:59  Missile Turret  
  67  11:13  Marine x5  
  67  11:14  Marine x2  
  66  11:20  Missile Turret  
  66  11:22  Missile Turret  
  66  11:25  Viking  
  68  11:28  Viking  
  68  11:31  Marine x5  
  75  11:38  Viking  
  69  11:46  Marine x2  
  65  11:49  Marine x4  
  65  11:50  Marine  
  64  11:55  Viking  
  64  11:58  Viking  
  64  11:59  Marine x3  
  65  12:10  Marine x4  
  63  12:21  Viking  
  63  12:22  Marine x2  
  57  12:41  Marine x3  
Tags
 
Matchup
TvT
Race
Terran
Replay Pack
r1
Spawn Locations
Cross Positions
Add a new tag
Caveats
  • Supply blocks, unpowered buildings, or Contaminate may cause inaccurate times.
  • Supply counts are checked every 10 seconds.